Unix NetHack Version 5.0.0-0 post-release - last build Jun 10 2026 00:39:30 (3ee93aec679c4c4259841fe613dc97188e26a321,branch:main).

Game began 2026-06-17 13:41:34, ended 2026-06-17 22:12:24.

IanCurtis, chaotic male elven Wizard

                                                                    ----
                                                             --------..---
                                                             |.)--.|.....--
                                                             |............---
                                                             |-.............|
                                                             |..)[...)(%....--
                                                            --......---......|
                                                         .---..------ --.....|
                                                        ......-----    ---.---
                                                       ......---..---    ---
                                                       .............----
                                                       ................--
                                                        ......---.......------
                                                        .....----.........|..|
                                                        ---.......-----.....--
                                                         --.....----  --..--|
                                                  G-------...--....--------.--
                                                |.a|........------...........|
                                                |..@.|..%..--    --------....|
                                                -------.----            ---.--
                                                      ---                 ---
IanCurtis the Thaumaturge  St:13 Dx:18 Co:13 In:20 Wi:14 Ch:8  Chaotic
Dlvl:7  $:794 HP:0(51) Pw:51(89) AC:9  Xp:7 T:3626 

Latest messages:
 The gnome shoots 2 crossbow bolts!
 It is missed.
 You are hit by the 1st crossbow bolt!
 The dwarf is hit.
 In what direction? h
 The spell misses the dwarf.
 In what direction? h
 The spell hits the dwarf!
 You kill the dwarf!
 The gnome shoots 2 crossbow bolts!
 You are hit by the 1st crossbow bolt.
 You are hit by the 2nd crossbow bolt.
 In what direction? h
 The spell hits the gnome!
 You kill the gnome!
 You see here a crossbow.
 What do you want to use or apply? [cdj-lnqsyJK or ?*] ?
 Your lamp is now on.
 You see here 11 darts.
 You swap places with the peaceful watch captain.
 You see here a little dog corpse named Hachi.
 There is a staircase up to level 6 here.
 There are several objects here.
 There is a grave here.
 Something is engraved here on the headstone.
 You read: "NvrPhazed, killed by a soldier ant".
 There are many objects here.
 You see here a crossbow.
 You see here an unlabeled scroll.
 C - an unlabeled scroll.
 The kitten bites!
 You miss the kitten.
 The kitten bites!
 The kitten bites!
 You hit the kitten.
 The kitten bites!
 The kitten bites!
 You hit the kitten.
 The kitten bites!
 You kill the kitten!
 You see here a kitten corpse.
 The soldier ant bites!
 The soldier ant stings!
 You hit the soldier ant.
 The soldier ant bites!
 The soldier ant stings!
 The soldier ant bites!
 The soldier ant stings!
 You die...
 Do you want your possessions identified? [ynq] (y) q

Inventory:
 Coins    ('$')
  $ - 794 gold pieces
 Weapons  (')')
  u - 10 +1 crossbow bolts
  a - a blessed +1 quarterstaff (weapon in hands)
 Armor    ('[')
  b - an uncursed +0 cloak of magic resistance (being worn)
 Comestibles  ('%')
  o - a cursed food ration
  m - 2 uncursed lichen corpses
 Scrolls  ('?')
  C - an uncursed scroll of blank paper
  i - an uncursed scroll of create monster
  t - an uncursed scroll of enchant armor
  r - an uncursed scroll of remove curse
  h - 3 uncursed scrolls of teleportation
 Spellbooks  ('+')
  j - a blessed spellbook of force bolt
  y - an uncursed spellbook of stone to flesh
 Potions  ('!')
  v - 2 uncursed potions of healing
  I - a cursed potion of healing
  p - 2 uncursed potions of oil
  H - a blessed potion of restore ability
 Rings    ('=')
  w - an uncursed ring of polymorph control
  e - an uncursed ring of stealth (on right hand)
 Wands    ('/')
  c - a wand of death (0:6)
  K - a cursed wand of speed monster (0:5)
  J - a cursed wand of teleportation (0:1)
 Tools    ('(')
  q - a cursed wooden flute
  k - an uncursed lock pick
  l - a magic marker (0:22)
  n - an uncursed oil lamp (lit)
  d - a +0 pick-axe
  s - a cursed tallow candle

IanCurtis the Wizard's attributes:

Background:
 You were a Thaumaturge, a level 7 male elven Wizard.
 You were chaotic, on a mission for Anhur
 who was opposed by Ptah (lawful) and Thoth (neutral).
 You were right-handed.
 You were in the Gnomish Mines, on level 7.
 You entered the dungeon 3626 turns ago.
 It was nighttime.
 There was a new moon in effect when your adventure ended.
 You had 740 experience points, 540 more were needed to attain level 8.

Basics:
 You had 0 out of 51 hit points.
 You had 51 out of 89 energy points (spell power).
 Your armor class was 9.
 Your wallet contained 794 zorkmids.
 Autopickup was off.

Final Characteristics:
 Your strength was 13 (limit:18).
 Your dexterity was 18 (limit:18).
 Your constitution was 13 (limit:16).
 Your intelligence was 20 (limit:20).
 Your wisdom was 14 (limit:20).
 Your charisma was 8 (limit:18).

Final Status:
 You weren't hungry.
 You were unencumbered.
 You were wielding a quarterstaff.
 You had basic skill with quarterstaff and could have enhanced that.

Final Attributes:
 You were piously aligned.
 You were magic-protected.
 You were sleep resistant.
 You were telepathic.
 You had infravision.
 You were stealthy.
 You were warded.
 You were unlucky.
 You are dead.

Miscellaneous:
 You encountered 1 bones level.
 Total elapsed playing time was 35 minutes and 36 seconds.

Major events:
 Turn
    1: IanCurtis the chaotic male elven Wizard entered the dungeon
  682: attained the rank of Conjurer (level 3)
 1402: entered the Gnomish Mines
 1671: reached Mine Town
 2316: attained the rank of Thaumaturge (level 6)
 3626: killed by a soldier ant

Spells:
 Name                 Level Category     Fail Retention
 force bolt             1   attack         0%   81%-90%
 stone to flesh         3   healing       54%  76%-100%
 slow monster           2   enchantment    0%  91%-100%

Skills:
 Fighting Skills
   bare handed combat [Unskilled]
   riding             [Unskilled]
 Weapon Skills
   dagger             [Unskilled]
   knife              [Unskilled]
   axe                [Unskilled]
   short sword        [Unskilled]
   club               [Unskilled]
   mace               [Unskilled]
   quarterstaff       [Basic]
   polearms           [Unskilled]
   spear              [Unskilled]
   trident            [Unskilled]
   sling              [Unskilled]
   dart               [Unskilled]
   shuriken           [Unskilled]
 Spellcasting Skills
   attack spells      [Basic]
   healing spells     [Unskilled]
   divination spells  [Unskilled]
   enchantment spells [Basic]
   clerical spells    [Unskilled]
   escape spells      [Unskilled]
   matter spells      [Unskilled]

Voluntary challenges:
 Character rerolling was not enabled.
 You never genocided any monsters.
 You never polymorphed an object.
 You never changed form.
 You used no wishes.
Achievements:
 You attained the rank of Conjurer.
 You entered a shop.
 You entered the Gnomish Mines.
 You entered Minetown.
 You entered a temple.
 You attained the rank of Thaumaturge.

 The Dungeons of Doom: levels 1 to 4
    Level 1:
       A sink.
    Level 2:
       A general store, some altars.
    Level 3:
       A potion shop.
       Stairs down to The Gnomish Mines.
    Level 4:
 The Gnomish Mines: levels 4 to 7
    Level 4:
    Level 5:
    Level 6:
       Many shops, a temple and an altar to Anhur, some fountains.
    Level 7: "bones" <- You were here.
       Some graves.
       Final resting place for
          you, killed by a soldier ant,
          spruit-Val-Dwa-Fem-Law, killed by a soldier ant,
          Shruner-Sam-Hum-Fem-Law, killed by the ghost of NvrPhazed,
          NvrPhazed-Sam-Hum-Mal-Law, killed by a soldier ant.


Vanquished creatures:
  2 ghosts
  a leprechaun
  a gnome ruler
  3 dogs
  a blue jelly
  a dust vortex
  a wood nymph
  a water nymph
 an orc shaman
  a pony
  2 yellow lights
  a shrieker
  a gnome leader
  2 gnomish wizards
  2 little dogs
  3 floating eyes
  a kitten
  4 dwarves
  2 hill orcs
  a giant bat
  4 iguanas
  2 acid blobs
  2 hobbits
  a hobgoblin
  4 giant rats
  a red mold
 13 gnomes
  a gnome zombie
  2 geckos
 16 jackals
  2 goblins
  2 sewer rats
  3 grid bugs
  6 lichens
  3 kobold zombies
  3 newts
97 creatures vanquished.

No species were genocided or became extinct.

Game over:
                       ----------
                      /          \
                     /    REST    \
                    /      IN      \
                   /     PEACE      \
                  /                  \
                  |    IanCurtis     |
                  |      794 Au      |
                  |   killed by a    |
                  |   soldier ant    |
                  |                  |
                  |                  |
                  |       2026       |
                 *|     *  *  *      | *
        _________)/\\_//(\/(/\)/\//\/|_)_______

Goodbye IanCurtis the Wizard...

You died in The Gnomish Mines on dungeon level 7 with 3975 points,
and 794 pieces of gold, after 3626 moves.
You were level 7 with a maximum of 51 hit points when you died.

